AoeStats
← Rafelso

Arabia

508616521Analyzed
1v1 RM · 10d ago on Sep 23, 2026· 65m 57s· 2 players
Game mode
Random Map
Map size
Tiny (2 player)
Population
200
Speed
Normal
Resources
Standard
Victory
Conquest
Starting age
Dark Age
Ending age
Imperial Age
RankedLock teamsTeams togetherTeam positionsShared explorationLock speedFull tech treeHidden civsTurbo modeCheats
Victory
Defeat
🇫🇷 Armenians · France
1719
+14
🇪🇸 Varangians · Spain
1681
-14
TdB.holland89
2:04 Loom
5:48 Loom
8:49 Feudal Age
9:52 Double-Bit Axe
11:28 Bloodlines
20:10 Castle Age
18:59 Scale Barding Armor
19:34 Horse Collar
20:39 Forging
20:16 Light Cavalry
21:14 Town Watch
21:53 Husbandry
27:02 Bow Saw
27:30 Wheelbarrow
31:37 Chain Barding Armor
40:29 Imperial Age
40:10 Fletching
40:45 Padded Archer Armor
41:18 Elite Skirmisher
42:49 Bodkin Arrow
43:50 Bracer
46:28 Leather Archer Armor
48:48 Ring Archer Armor
48:12 Cranequins
50:04 Hand Cart
53:25 Ballistics
55:19 Chemistry
55:20 Heavy Mounted Crossbowman
56:46 Heavy Mounted Crossbowman
62:58 Hussar
Rafelso
6:03 Loom
8:54 Feudal Age
8:57 Man-at-Arms
9:27 Double-Bit Axe
19:54 Castle Age
19:04 Gold Mining
20:16 Fletching
20:09 Horse Collar
20:47 Bow Saw
20:53 Crossbowman
23:44 Pikeman
26:21 Ballistics
28:01 Wheelbarrow
28:14 Sanctity
29:26 Bodkin Arrow
31:43 Redemption
33:00 Town Watch
33:30 Hand Cart
35:15 Padded Archer Armor
40:16 Imperial Age
40:31 Leather Archer Armor
41:06 Heavy Plow
41:28 Bracer
42:36 Masonry
44:20 Scale Mail Armor
45:46 Chemistry
44:35 Long Swordsman
45:01 Gambesons
45:55 Squires
45:44 Two-Handed Swordsman
46:40 Chain Mail Armor
48:10 Plate Mail Armor
47:52 Town Watch
49:34 Arson
50:52 Forging
51:58 Stone Mining
53:55 Iron Casting
54:54 Fereters
55:32 Hand Cart
56:08 Champion
57:44 Conscription
58:26 Scale Barding Armor
58:45 Town Patrol
59:28 Hoardings
58:35 Treadmill Crane
58:23 Light Cavalry
59:14 Bloodlines
59:04 Husbandry
60:16 Gold Shaft Mining
60:06 Elite Composite Bowman
62:11 Blast Furnace
61:51 Ring Archer Armor
63:18 Chain Barding Armor
Connection lost

Rejoining the realm…

Still unreachable

The connection could not be restored.

Session expired

The server has moved on; the page needs a fresh start.